 Dungeon Crawl Stone Soup version 0.30-b1-2-g02819fbbbe (webtiles) character file.

Game seed: 1776307651870322133

12 Alarkh the Charlatan (level 2, 13/22 HPs)
             Began as a Demonspawn Artificer on Nov 24, 2023.
             Got out of the dungeon alive.
             The game lasted 00:00:31 (179 turns).

Alarkh the Charlatan (Demonspawn Artificer)          Turns: 179, Time: 00:00:32

Health: 13/22      AC:  3    Str: 12    XL:     2   Next: 20%
Magic:  2/2        EV: 11    Int: 12    God:
Gold:   12         SH:  0    Dex: 13    Spells: 1/1 levels left

rFire   . . .        g - +0 long sword
rCold   . . .        (no shield)
rNeg    . . .        b - +0 leather armour
rPois   .            (no helmet)
rElec   .            (no cloak)
rCorr   .            (no gloves)
SInv    .            (no boots)
Will    .....        (no amulet)
Stlth   +            (no ring)
HPRegen 0.23/turn    (no ring)
MPRegen 0.08/turn

%: no passive effects
@: no status effects
A: foul stench 1
a: no special abilities


You escaped.
You visited 1 branch of the dungeon, and saw 1 of its levels.

You collected 12 gold pieces.

Inventory:

Hand Weapons
 g - a +0 long sword (weapon)
Armour
 b - a +0 leather armour (worn)
Wands
 c - a wand of flame (15) (quivered)
 d - a wand of charming (15)
 e - a wand of iceblast (5)
Potions
 f - 2 potions of degeneration {unknown}


   Skills:
 + Level 2.3 Fighting
 - Level 1.7 Armour
 - Level 0.8 Dodging
 - Level 0.8 Stealth
 - Level 3.0 Evocations


You had one spell level left.
You didn't know any spells.
Your spell library contained the following spells:

 Spells                   Type           Power      Damage    Failure   Level
 Blink                    Tloc           0%         N/A       54%         2
 Lesser Beckoning         Tloc           0%         N/A       54%         2
 Momentum Strike          Conj/Tloc      0%         3d8       54%         2


Dungeon Overview and Level Annotations

Branches:
Dungeon (1/15)

Altars:


Innate Abilities, Weirdness & Mutations

You may rarely emit foul miasma when damaged in melee.


Message History

You kill the jackal!
The rat bites you.
You have reached level 2!
Your demonic ancestry asserts itself...
You begin to emit a foul stench of rot and decay.
You closely miss the rat. The rat misses you.
You closely miss the rat. The rat bites you but does no damage.
The rat closely misses you.
You hit the rat.
You kill the rat!
The quokka barely misses you.
You hit the quokka.
The quokka is moderately wounded.
The quokka bites you. x2; You emit a cloud of foul miasma!
You closely miss the quokka.
The quokka is moderately wounded.
The quokka is engulfed in dark miasma.
The quokka is poisoned.
The quokka seems to slow down.
The quokka bites you but does no damage.
You closely miss the quokka.
The quokka is almost dead.
The quokka is no longer moving slowly.
The quokka is engulfed in dark miasma.
The quokka looks even sicker.
The quokka seems to slow down.
You kill the quokka!
Things that are here:
a quokka corpse; a jackal corpse A bat comes into view.
You can't go up here!
You are too injured to fight recklessly!
You are too injured to fight recklessly!
You are too injured to fight recklessly!
You are too injured to fight recklessly!
You are too injured to fight recklessly!
You are too injured to fight recklessly!
The bat closely misses you. The bat hits you but does no damage.
You hit the bat.
You kill the bat!
There is a staircase leading out of the dungeon here.
Are you sure you want to leave the Dungeon?
This will make you lose the game!
You have escaped!

#.#.....#........##.##
#.#.############.##.#
#.# ...........## #.#
#######...†.## #.#
##(......#...# #>#
##..#####..##..#
###.###
##..#.....#..##..#
..)...#
##..#.......#..##.#
###†#.#
#..#....@....#..# #
......#
##..#.......#..##.##
....(.#
##..#.....#.......#
#######
#....#####..#####J#
......####.#........##
#####..........######
#.....)....#
#..........#
#..........#


There were no monsters in sight!

Vanquished Creatures
  A ball python (D:1)
  2 bats (D:1)
  3 jackals (D:1)
  A quokka (D:1)
  A frilled lizard (D:1)
  A kobold (D:1)
  2 rats (D:1)
11 creatures vanquished.

Notes
Turn   | Place    | Note
-------+----------+-------------------------------------------
     0 | D:1      | Alarkh the Demonspawn Artificer began the quest for the
                  | Orb.
     0 | D:1      | Reached XP level 1. HP: 15/15 MP: 1/1
   156 | D:1      | Gained mutation: You may rarely emit foul miasma when
                  | damaged in melee. [demonic ancestry]
   156 | D:1      | Reached XP level 2. HP: 9/22 MP: 2/2
   179 | D:$      | Got out of the dungeon alive.

Illustrated notes

Levels and vault maps discovered:
D:1:      scummos_arrival_hexagon, layout_basic,
          chequers_ecumenical_altar_island

Skill      XL: |  1 |
---------------+----+-----
Fighting       | 2 |  2.3
Armour         | |  1.7
Dodging        | |  0.8
Stealth        | |  0.8
Evocations     | |  3.0

Action                     || total
---------------------------++-------
  Melee: Long sword        ||    29
 Armour: Leather armour    ||    11
  Dodge: Dodged            ||    33
